 Dungeon Crawl Stone Soup version 0.31-a0-750-gfe7b580 (webtiles) character file.

Game seed: 12815057955561667108

163557 BarneyGumball the Blocker (level 17, -4/199 HPs)
             Began as a Gnoll Wanderer on Sept 14, 2023.
             Was an Initiate of Yredelemnul.
             Slain by a six-headed hydra (12 damage)
             ... on level 4 of the Swamp.
             The game lasted 02:24:37 (31860 turns).

BarneyGumball the Blocker (Gnoll Wanderer)         Turns: 31860, Time: 02:24:38

Health: -4/199     AC: 12    Str: 18    XL:     17   Next: 54%
Magic:  15/33      EV: 19    Int: 22    God:    Yredelemnul [......]
Gold:   520        SH: 11    Dex:  9    Spells: 4/41 levels left

rFire   + . .        a - +5 trident of Malaise {pain, Str+3 Int+3}
rCold   + . .        Y - +0 kite shield
rNeg    . . .        G - +2 leather armour of Maxeq {rCorr SInv}
rPois   +            O - +0 helmet
rElec   .            D - scarf {rC+ rF+}
rCorr   +            m - +0 pair of gloves
SInv    +            C - +1 pair of boots
Will    +....        f - amulet of regeneration Stlth
                     g - +5 ring of evasion
HPRegen 1.33/turn    W - ring of poison resistance
MPRegen 0.23/turn

%: no passive effects
@: berserking, lethally poisoned (-4 -> -4), afraid, slow
A: fangs 1, strong nose, distributed training
}: 1/15 runes: decaying
a: Renounce Religion, Recall Undead Harvest


You were on level 4 of the Swamp.
You worshipped Yredelemnul.
Yredelemnul was pleased with you.
You visited 4 branches of the dungeon, and saw 26 of its levels.

You collected 2571 gold pieces.
You spent 2051 gold pieces at shops.

Inventory:

Hand Weapons
 a - the +5 trident of Malaise (weapon) {pain, Str+3 Int+3}
   (You found it on level 5 of the Lair of Beasts)

   Str+3:     It affects your strength (+3).
   Int+3:     It affects your intelligence (+3).
 b - the +3 quick blade of Woe {elec, Dex+6}
   (You found it on level 12 of the Dungeon)

   Dex+6:     It affects your dexterity (+6).
 V - the +4 scimitar "Jelopogi" {drain, rN+}
   (You bought it in a shop on level 8 of the Dungeon)

   rN+:       It protects you from negative energy.
Missiles
 w - 46 poisoned darts (quivered)
 B - 8 curare-tipped darts
 H - 3 silver javelins
Armour
 m - a +0 pair of gloves (worn)
 C - a +1 pair of boots (worn)
 D - a scarf of resistance (worn)
 G - the +2 leather armour of Maxeq (worn) {rCorr SInv}
   (You found it on level 10 of the Dungeon)

   SInv:      It lets you see invisible.
   rCorr:     It protects you from acid and corrosion.
 O - a +0 helmet (worn)
 Y - a +0 kite shield (worn)
Jewellery
 f - an amulet of regeneration (around neck)
 g - a +5 ring of evasion (left hand)
 n - a +4 ring of protection
 T - a ring of protection from cold
 W - a ring of poison resistance (right hand)
 Z - a ring of willpower
Wands
 x - a wand of mindburst (13)
 y - a wand of digging (6)
 I - a wand of roots (10)
 L - a wand of paralysis (4)
 X - a wand of acid (7)
Scrolls
 c - a scroll of fear {unknown}
 d - a scroll of amnesia
 e - 6 scrolls of teleportation
 h - 3 scrolls of poison
 i - 2 scrolls of fog
 l - 2 scrolls of revelation {unknown}
 o - 4 scrolls of immolation
 t - 3 scrolls of enchant weapon
 u - 3 scrolls of noise {unknown}
 A - 2 scrolls of brand weapon {unknown}
 E - 5 scrolls of torment
 M - 7 scrolls of blinking
 N - 3 scrolls of silence {unknown}
Potions
 j - a potion of magic
 k - 8 potions of brilliance
 q - 6 potions of mutation
 r - 3 potions of lignification
 s - 4 potions of enlightenment
 v - 3 potions of curing
 z - a potion of haste
 J - a potion of cancellation
 K - 2 potions of might
 Q - a potion of attraction
 R - 2 potions of ambrosia
Miscellaneous
 P - a phantom mirror (inert)
 U - a lightning rod (4/4)


   Skills:
 + Level 11.9 Fighting
 + Level 11.9 Short Blades
 + Level 11.9 Long Blades
 + Level 11.9 Axes
 + Level 11.9 Maces & Flails
 + Level 11.9 Polearms
 + Level 11.9 Staves
 + Level 11.9 Ranged Weapons
 + Level 11.9 Throwing
 + Level 12.2 Armour
 + Level 12.2 Dodging
 + Level 11.9 Stealth
 + Level 13.5 Shields
 + Level 11.9 Unarmed Combat
 + Level 12.9 Spellcasting
 + Level 10.1 Conjurations
 + Level 10.1 Hexes
 + Level 10.8 Summonings
 + Level 10.1 Necromancy
 + Level 10.1 Translocations
 + Level 10.1 Transmutations
 + Level 10.1 Fire Magic
 + Level 10.1 Ice Magic
 + Level 10.3 Air Magic
 + Level 10.1 Earth Magic
 + Level 10.1 Poison Magic
 + Level 12.9 Invocations
 + Level 11.9 Evocations
 + Level 11.0 Shapeshifting


You had 4 spell levels left.
You knew the following spells:

 Your Spells              Type           Power      Damage    Failure   Level
a - Summon Mana Viper     Hex/Summ       57%        N/A       3%          5
b - Call Imp              Summ           100%       N/A       1%          2
c - Summon Guardian Gole  Hex/Summ       57%        N/A       1%          3
d - Ozocubu's Armour      Ice            56%        N/A       1%          3
f - Olgreb's Toxic Radia  Pois           56%        N/A       1%          4
g - Anguish               Hex/Necr       28%        N/A       1%          4
h - Tukima's Dance        Hex            56%        N/A       1%          3
i - Passage of Golubria   Tloc           56%        N/A       1%          4
j - Yara's Violent Unrav  Hex/Tmut       28%        3d12      3%          5
k - Airstrike             Air            28%        2d(4-20)  1%          4

Your spell library contained the following spells:

 Spells                   Type           Power      Damage    Failure   Level
 Apportation              Tloc           100%       N/A       1%          1
 Foxfire                  Conj/Fire      100%       2x1d9     1%          1
 Kiss of Death            Conj/Necr      100%       2d13      1%          1
 Necrotise                Necr           100%       1d9       1%          1
 Shock                    Conj/Air       100%       1d9       1%          1
 Sting                    Tmut/Pois      100%       1d8       1%          1
 Summon Small Mammal      Summ           100%       N/A       1%          1
 Cigotuvi's Dreadful Rot  Necr/Pois/Air  100%       N/A       1%          2
 Ensorcelled Hibernation  Hex/Ice        100%       N/A       1%          2
 Jinxbite                 Hex            100%       N/A       1%          2
 Poisonous Vapours        Pois/Air       100%       N/A       1%          2
 Dazzling Flash           Conj/Hex       100%       N/A       1%          3
 Frozen Ramparts          Ice            100%       1d16      1%          3
 Swiftness                Air            56%        N/A       1%          3
 Volatile Blastmotes      Fire/Tloc      100%       2d18      1%          3
 Dispel Undead            Necr           56%        3d20      1%          4
 Petrify                  Tmut/Erth      56%        N/A       1%          4
 Summon Ice Beast         Ice/Summ       57%        N/A       1%          4
 Vhi's Electric Charge    Tloc/Air       100%       N/A       1%          4
 Arcjolt                  Conj/Air       28%        1d38      3%          5
 Metabolic Englaciation   Hex/Ice        28%        N/A       3%          5
 Plasma Beam              Fire/Air       28%        2x1d40    21%         6
 Starburst                Conj/Fire      28%        6d9       22%         6
 Monstrous Menagerie      Summ           29%        N/A       65%         7
 Malign Gateway           Summ/Tloc      28%        N/A       71%         7
 Ozocubu's Refrigeration  Ice            28%        4d13      75%         7
 Maxwell's Capacitive Co  Air            28%        ∞         100%        8
 Summon Horrible Things   Summ           29%        N/A       100%        8
 Animate Dead             Necr           Unusable   N/A       N/A         4

Dungeon Overview and Level Annotations

Branches:
Dungeon (15/15)            Temple (0/1) D:6            Lair (5/5) D:8
  Swamp (4/4) Lair:3       Spider (0/4) Lair:2        Slime (0/5) Lair:5
    Orc (2/2) D:12            Elf (0/3) Orc:2        Vaults (0/5) D:14
 Depths (0/4) D:15

Altars:
Cheibriados
Dithmenos
Elyvilon
Gozag
Hepliaklqana
Kikubaaqudgha
Makhleb
Nemelex Xobeh
Okawaru
Sif Muna
Trog
Vehumet
Yredelemnul
Zin
The Shining One

Shops:
D:3 =   D:8 ?(   D:11 ([[   D:15 [   Orc:2 !!:(=

Portals:
Trove: D:10 (give +6 demon trident)

Annotations:
D:5 exclusion: iron imp
D:7 2 transporters, Violenta's ghost, novice GrFi
D:13 exclusion: catoblepas
Lair:2 1 runed translucent door
Lair:5 3 runed translucent doors, exclusion: 3 doors, dontdoit's ghost, journeyman DrGl
Swamp:4 Mlioglotl


Innate Abilities, Weirdness & Mutations

You have very sharp teeth.
Your uncanny sense of smell can sniff out nearby items.
Your experience applies equally to all skills.


Message History

You are held in place!
The thrashing horror tramples you but does no damage.
The large abomination is engulfed in blazing flames.
You block the large abomination's attack.
Your mana viper barely misses Mlioglotl.
The tentacle pulls you backwards!
Splash!
The starspawn tentacle loses its grip on you.
The tentacle pulls you backwards!
Splash!
Mlioglotl hits your mana viper! Mlioglotl tramples your mana viper.
Your mana viper holds its ground!
The thrashing horror tramples your mana viper but does no damage.
The thrashing horror tramples your mana viper!
Your mana viper holds its ground!
Unknown command.
You are too berserk!
Unknown command.
Unknown command.
You cannot move closer to Mlioglotl!
You are too berserk!
You are too berserk!
You puncture the starspawn tentacle!
You destroy the starspawn tentacle!
You are engulfed in blazing flames.
You resist.
* * * LOW HITPOINT WARNING * * *
You feel yourself speed up.
You feel sick.
Your mana viper bites Mlioglotl.
You block the starspawn tentacle's attack.
Mlioglotl churns violently!
Mlioglotl corrupts the dungeon around him!
The six-headed hydra bites you!
* * * LOW HITPOINT WARNING * * *
You block the six-headed hydra's attack.
The six-headed hydra bites you.
* * * LOW HITPOINT WARNING * * *
You block the six-headed hydra's attack.
The six-headed hydra bites you!
You die...
Your body rises from the dead as a mindless zombie.

......♣ ♣♣~~~§~ ~~~~♣
♣♣♣~~♣ ~§♣ ♣.... ..♣
♣~.~.. ..♣♣ #######
∆.~~♣♣ ##~~.♣.~ ~♣.
♣♣~..♣ ###♣~~~♣♣♣~
.~..♣♣w#X♣♣ ##~~~~~.~♣.~
~~..♣│#@#.♣##~##~~~.~♣.~
♣..~│wXD~##~.#Z##♣~~♣.~
.♣...§─X.S#♣~Z~#Z##~~♣~~
....~XXXX##~~~.#~.##♣~♣#
.§~D~.~wh#♣)..~##~.##♣##
~~....~h.#~..~~♣#~~Z♣#♣~
♣#.~§~###~~~.~~~##♣...~~
♣.~..~..#§.♣~~~~.##Z.[~~
.~~~.~..#.~~~~~§##♣~).~~


You could see a bone dragon (summoned), Mlioglotl (strong, scary, possessable,
ally target), 2 tentacled starspawn, a six-headed hydra, a thrashing horror
(summoned), 3 large abominations, a raiju (summoned), a hell hound (summoned), 3
starspawn tentacles and a friendly mana viper (summoned).

Vanquished Creatures
  A tentacled monstrosity (Swamp:4)
  A thorn hunter (Swamp:4)
  2 fenstrider witches (Swamp:4)
  2 ghouls (Swamp:4)
  4 eleionomae
  2 bunyips
  A green death (Swamp:4)
  An entropy weaver (shapeshifter) (D:14)
  5 ogre magi
  A hydra (Swamp:4)
  2 ghost crabs
  A death knight (D:14)
  A merfolk avatar (Lair:5)
  2 dancing weapons (D:14)
  An alligator (Swamp:3)
  6 two-headed ogres
  5 centaur warriors
  A sixfirhy (Swamp:4)
  A skyshark (Lair:5)
  3 goliath frogs
  A spriggan rider (Swamp:4)
  A skeletal warrior (D:15)
  A spriggan druid (Swamp:4)
  2 bog bodies
  3 wizards
  A phantasmal warrior (D:14)
  A deep elf pyromancer (D:15)
  2 orc knights
  A stone giant zombie (D:15)
  A necromancer (Orc:1)
  23 ugly things
  2 orc sorcerers (Orc:2)
  A cyclops (D:13)
  2 manticores
  2 elephants (Lair:1)
  2 black mambas
  A will-o-the-wisp (Swamp:2)
  A frost giant skeleton (D:15)
  9 cane toads
  An orange demon (Swamp:4)
  A torpor snail (Lair:3)
  A spectral spriggan (Swamp:4)
  3 rime drakes
  4 komodo dragons
  7 trolls
  2 bloated husks
  A polar bear (Lair:1)
  A wind drake (Lair:5)
  A hellwing (Swamp:4)
  5 tyrant leeches
  2 hornets
  A blink frog (Lair:5)
  2 raiju (D:12)
  An ettin zombie (D:15)
  A spriggan (Swamp:3)
  2 wyverns
  28 yaks
  2 wraiths
  A neqoxec (Swamp:4)
  A chaos spawn (Swamp:4)
  2 steam dragons
  2 vampire mosquitoes (D:11)
  4 swamp worms
  5 wargs
  6 water moccasins
  5 acid dragons
  2 spectral yaks (D:9)
  2 sky beasts (D:8)
  2 black bears
  17 orc warriors
  3 ogres
  14 wolves
  7 centaurs
  2 phantoms
  7 kobold brigands
  6 bullfrogs
  4 gnoll sergeants
  A scorpion (shapeshifter) (D:15)
  A warg zombie (Orc:1)
  4 scorpions
  8 wights
  6 killer bees
  2 howler monkeys
  A jelly (D:5)
  3 hounds
  11 orc priests
  4 sleepcaps
  26 orc wizards
  A kobold zombie (D:9)
  17 gnolls
  4 adders
  An orc skeleton (Orc:1)
  A shadow imp (D:5)
  A white imp (D:8)
  An ufetubus (D:7)
  An orc zombie (D:9)
  3 worms
  A dart slug (D:1)
  45 orcs
  2 ball pythons
  8 endoplasms
  A giant cockroach (D:1)
  3 goblins
  11 hobgoblins
  31 kobolds
  4 quokkas
  2 bats
  2 frilled lizards
  5 rats
  A starspawn tentacle (Swamp:4)
471 creatures vanquished.

Vanquished Creatures (collateral kills)
  Jorgrun (Swamp:2)
  2 fenstrider witches
  A caustic shrike zombie (Swamp:3)
  A reaper (Swamp:4)
  6 eleionomae
  2 bunyips
  2 shambling mangroves
  4 hydras
  Josephine (D:12)
  2 alligators (Swamp:3)
  A boulder beetle (D:13)
  3 two-headed ogres
  A centaur warrior (D:14)
  2 ghost crabs
  2 tengu warriors (D:13)
  A shock serpent (D:12)
  A soul eater (Swamp:4)
  2 skysharks (Lair:5)
  2 death drakes (Swamp:4)
  3 goliath frogs
  5 sixfirhies
  5 bunyip zombies (Swamp:3)
  2 swamp dragons
  3 spriggan druids
  A bunyip skeleton (Swamp:3)
  6 bog bodies
  A wizard (Swamp:4)
  An orc knight (Orc:2)
  A deep elf pyromancer (Swamp:4)
  A harpy (Lair:5)
  5 orc sorcerers
  A necromancer (D:15)
  2 will-o-the-wisps (Swamp:2)
  4 ugly things
  2 black mambas
  An elephant (Lair:1)
  A gargoyle (D:11)
  An orange demon (Swamp:4)
  9 cane toads
  4 rime drakes
  7 komodo dragons
  A tengu conjurer (D:13)
  A hellwing (Swamp:4)
  3 polar bears (Lair:5)
  A meliai (Lair:2)
  4 trolls (D:12)
  11 tyrant leeches
  8 hornets
  2 raiju (D:12)
  A wind drake (Lair:5)
  Grinder (D:4)
  A raiju (shapeshifter) (D:14)
  5 blink frogs
  4 dream sheep (Lair:3)
  4 snapping turtles (Lair:5)
  A centaur simulacrum (D:14)
  7 spriggans
  22 yaks
  5 wraiths
  3 wyverns
  A steam dragon (Lair:5)
  5 basilisks
  8 vampire mosquitoes
  A warg (Orc:2)
  9 swamp worms
  2 acid dragons
  4 water moccasins
  6 orc warriors
  A swamp drake (Swamp:1)
  A black bear (Lair:2)
  3 ogres
  4 centaurs
  A phantom (D:4)
  9 wolves
  2 kobold brigands (D:12)
  3 bullfrogs
  2 gnoll sergeants (D:12)
  A cyclops skeleton (Orc:1)
  3 killer bees (Lair:2)
  3 orc priests
  6 orc wizards
  6 gnolls
  16 orcs
  2 hobgoblins (D:3)
  13 kobolds
300 creatures vanquished.

Vanquished Creatures (others)
  An alligator (Swamp:4)
  4 hydras
  A vampire mage (D:15)
  3 spectral sixfirhies
  A skeletal warrior (D:15)
  A spectral green death (Swamp:4)
  A death drake (Swamp:4)
  A wizard (D:14)
  3 ugly things (D:15)
  15 ugly thing zombies
  A goliath frog zombie (Swamp:4)
  A frost giant zombie (D:15)
  An orc sorcerer (Orc:2)
  An alligator zombie (Swamp:3)
  2 spectral orcs
  A spectral soul eater (Swamp:4)
  A swamp worm zombie (Swamp:3)
  A harpy zombie (Lair:5)
  8 bloated husks
  A hydra zombie (Swamp:4)
  A tyrant leech (Swamp:4)
  A spriggan (Swamp:1)
  2 tyrant leech zombies
  2 two-headed ogre zombies (D:14)
  2 cane toad zombies
  A swamp worm (Swamp:3)
  3 human zombies
  4 hornet zombies
  A dream sheep zombie (Lair:3)
  A blink frog zombie (Lair:3)
  2 ghost crab zombies
  2 vampire mosquito zombies
  2 rime drake zombies (Lair:5)
  A wyvern zombie (Lair:5)
  3 water moccasin zombies
  2 warg zombies (Orc:2)
  3 troll zombies
  8 yak zombies
  8 wolf zombies
  5 centaur zombies
  5 bullfrog zombies
  2 orc wizards (Orc:2)
  A killer bee zombie (Lair:2)
  2 ogre zombies
  2 howler monkey zombies
  A steam dragon zombie (Lair:5)
  2 worm zombies (D:5)
  A spectral shadow imp (D:5)
  A ball python zombie (D:4)
  4 gnoll zombies
  4 kobold zombies
  25 orc zombies
  A quokka zombie (D:5)
  11 foxfires (Swamp:2)
  4 starspawn tentacles (Swamp:4)
169 creatures vanquished.

Grand Total: 940 creatures vanquished

Notes
Turn   | Place    | Note
-------+----------+-------------------------------------------
     0 | D:1      | BarneyGumball the Gnoll Wanderer began the quest for the
                  | Orb.
     0 | D:1      | BarneyGumball set off with the following items: a +0 club,
                  | a potion of attraction, a +0 robe, a +0 buckler; and the
                  | following spell memorised: Summon Small Mammal; and the
                  | following spells available to memorise: Call Imp, Poisonous
                  | Vapours, Cigotuvi's Dreadful Rot, Summon Guardian Golem.
     0 | D:1      | Reached XP level 1. HP: 13/13 MP: 6/6
   306 | D:1      | Reached XP level 2. HP: 17/19 MP: 7/7
   913 | D:2      | Learned a level 2 spell: Call Imp
  1023 | D:2      | Reached XP level 3. HP: 25/25 MP: 9/9
  1098 | D:2      | Reached skill level 5 in Spellcasting
  1738 | D:3      | Reached skill level 1 in Invocations
  1765 | D:3      | Reached skill level 1 in Fighting
  1765 | D:3      | Reached skill level 1 in Short Blades
  1765 | D:3      | Reached skill level 1 in Long Blades
  1765 | D:3      | Reached skill level 1 in Axes
  1765 | D:3      | Reached skill level 1 in Maces & Flails
  1765 | D:3      | Reached skill level 1 in Polearms
  1765 | D:3      | Reached skill level 1 in Staves
  1765 | D:3      | Reached skill level 1 in Ranged Weapons
  1765 | D:3      | Reached skill level 1 in Throwing
  1765 | D:3      | Reached skill level 1 in Stealth
  1765 | D:3      | Reached skill level 1 in Unarmed Combat
  1765 | D:3      | Reached skill level 1 in Evocations
  1845 | D:3      | Found Ilithret's Jewellery Shoppe.
  1913 | D:3      | Reached skill level 1 in Shapeshifting
  1913 | D:3      | Reached XP level 4. HP: 32/32 MP: 11/11
  2328 | D:3      | Noticed a kobold brigand
  2339 | D:3      | Reached skill level 1 in Conjurations
  2339 | D:3      | Reached skill level 1 in Hexes
  2339 | D:3      | Reached skill level 1 in Necromancy
  2339 | D:3      | Reached skill level 1 in Translocations
  2339 | D:3      | Reached skill level 1 in Transmutations
  2339 | D:3      | Reached skill level 1 in Fire Magic
  2339 | D:3      | Reached skill level 1 in Ice Magic
  2339 | D:3      | Reached skill level 1 in Earth Magic
  2339 | D:3      | Reached skill level 1 in Poison Magic
  2341 | D:3      | Killed a kobold brigand
  2342 | D:3      | Reached XP level 5. HP: 31/37 MP: 7/12
  2521 | D:3      | Noticed a kobold brigand
  2531 | D:3      | Killed a kobold brigand
  2532 | D:3      | Reached XP level 6. HP: 41/44 MP: 10/14
  3141 | D:4      | Noticed Grinder
  3164 | D:4      | Found a basalt altar of Yredelemnul.
  3203 | D:4      | Reached skill level 7 in Shields
  3203 | D:4      | Reached XP level 7. HP: 38/51 MP: 15/15
  3372 | D:4      | Became a worshipper of Yredelemnul the Dark
  3408 | D:4      | Found a burning altar of Makhleb.
  3408 | D:4      | Found an ancient bone altar of Kikubaaqudgha.
  3414 | D:4      | Found a shadowy altar of Dithmenos.
  3417 | D:4      | Found a hazy altar of Hepliaklqana.
  3451 | D:4      | Reached * piety under Yredelemnul
  3503 | D:4      | Killed Grinder
  4154 | D:5      | Entered Level 5 of the Dungeon
  4168 | D:5      | Identified the ring of the Lobster {*Corrode rC+ Will+
                  | Stlth+}
  4237 | D:5      | Reached XP level 8. HP: 57/57 MP: 16/16
  4543 | D:5      | Found a snail-covered altar of Cheibriados.
  4841 | D:5      | Found a glowing silver altar of Zin.
  6132 | D:6      | Found a staircase to the Ecumenical Temple.
  6177 | D:6      | Identified the +1 chain mail of Fedhas's Delight {rElec
                  | rPois Int-2}
  6556 | D:6      | Reached skill level 5 in Summonings
  6556 | D:6      | Reached XP level 9. HP: 50/65 MP: 13/18
  6609 | D:6      | Found a white marble altar of Elyvilon.
  6730 | D:7      | Noticed a cyclops
  6733 | D:7      | Found a transporter.
  6735 | D:7      | Found a transporter.
  6736 | D:7      | You fall into a shaft and drop 3 floors!
  6736 | D:10     | Entered Level 10 of the Dungeon
  6972 | D:9      | Found a glowing golden altar of the Shining One.
  7001 | D:9      | Reached skill level 5 in Armour
  7001 | D:9      | Reached skill level 5 in Dodging
  7005 | D:9      | Reached skill level 8 in Shields
  7257 | D:10     | Reached skill level 5 in Invocations
  7310 | D:10     | Found a portal to a secret trove of treasure.
  7312 | D:10     | Identified the +2 leather armour of Maxeq {rCorr SInv}
  7905 | D:10     | Reached XP level 10. HP: 46/73 MP: 11/20
  7920 | D:10     | Reached skill level 5 in Fighting
  7920 | D:10     | Reached skill level 5 in Short Blades
  7920 | D:10     | Reached skill level 5 in Long Blades
  7920 | D:10     | Reached skill level 5 in Axes
  7920 | D:10     | Reached skill level 5 in Maces & Flails
  7920 | D:10     | Reached skill level 5 in Polearms
  7920 | D:10     | Reached skill level 5 in Staves
  7920 | D:10     | Reached skill level 5 in Ranged Weapons
  7920 | D:10     | Reached skill level 5 in Throwing
  7920 | D:10     | Reached skill level 5 in Stealth
  7920 | D:10     | Reached skill level 5 in Unarmed Combat
  7920 | D:10     | Reached skill level 5 in Evocations
  8409 | D:9      | Reached skill level 5 in Air Magic
  8603 | D:9      | Learned a level 3 spell: Summon Guardian Golem
  8606 | D:9      | Learned a level 2 spell: Ensorcelled Hibernation
  8610 | D:9      | Learned a level 3 spell: Ozocubu's Armour
  8708 | D:9      | Reached ** piety under Yredelemnul
  8708 | D:9      | Reached skill level 5 in Shapeshifting
  8749 | D:9      | Reached *** piety under Yredelemnul
  9356 | D:8      | Found a staircase to the Lair.
  9473 | D:8      | Found Pajimes's Magic Scroll Shop.
  9474 | D:8      | Found Soqohom's Antique Weapon Shoppe.
  9482 | D:8      | Bought a scroll of identify for 22 gold pieces
  9482 | D:8      | Bought a scroll of blinking for 82 gold pieces
  9495 | D:8      | Bought an iridescent scimitar for 207 gold pieces
  9495 | D:8      | Identified the +4 scimitar "Jelopogi" {drain, rN+} (You
                  | bought it in a shop on level 8 of the Dungeon)
  9518 | D:8      | Found a shimmering blue altar of Sif Muna.
  9596 | D:8      | Found an iron altar of Okawaru.
 10264 | D:8      | Reached XP level 11. HP: 80/81 MP: 22/22
 10332 | D:7      | Identified the +6 spear of the Black Skies {flame, *Corrode
                  | rC+ Will+}
 10353 | D:7      | Reached skill level 9 in Shields
 10425 | D:7      | Found a bloodstained altar of Trog.
 10495 | D:7      | Noticed Violenta's ghost (novice GrFi)
 10498 | D:7      | Noticed a cyclops
 10527 | D:7      | Reached skill level 5 in Conjurations
 10527 | D:7      | Reached skill level 5 in Hexes
 10527 | D:7      | Reached skill level 5 in Necromancy
 10527 | D:7      | Reached skill level 5 in Translocations
 10527 | D:7      | Reached skill level 5 in Transmutations
 10527 | D:7      | Reached skill level 5 in Fire Magic
 10527 | D:7      | Reached skill level 5 in Ice Magic
 10527 | D:7      | Reached skill level 5 in Earth Magic
 10527 | D:7      | Reached skill level 5 in Poison Magic
 11297 | D:11     | Found Gaithr Voutz's Antique Weapon Shop.
 11528 | D:11     | Found Ygourphof's Antique Armour Boutique.
 11536 | D:11     | Bought a pair of glowing boots for 247 gold pieces
 11555 | D:11     | Noticed a brown ugly thing
 11566 | D:11     | Killed a brown ugly thing
 11610 | D:11     | Noticed a two-headed ogre
 11618 | D:11     | Killed a two-headed ogre
 11936 | D:11     | Found Ymaocs's Armour Emporium.
 11945 | D:11     | Bought a +0 helmet for 54 gold pieces
 12315 | Lair:1   | Entered Level 1 of the Lair of Beasts
 12948 | Lair:1   | Found an opulent altar of Gozag.
 12963 | Lair:1   | Learned a level 4 spell: Olgreb's Toxic Radiance
 12968 | Lair:1   | Learned a level 4 spell: Anguish
 13195 | Lair:1   | Reached XP level 12. HP: 60/89 MP: 16/24
 13422 | Lair:1   | Reached **** piety under Yredelemnul
 13439 | Lair:1   | Reached ***** piety under Yredelemnul
 13802 | Lair:2   | Found a hole to the Spider Nest.
 14148 | Lair:2   | Reached skill level 10 in Shields
 14355 | Lair:2   | Reached ****** piety under Yredelemnul
 14828 | Lair:2   | Found a runed translucent door.
 14896 | Lair:3   | Noticed a four-headed hydra
 14906 | Lair:3   | Killed a four-headed hydra
 15006 | Lair:3   | Reached XP level 13. HP: 52/98 MP: 18/26
 15209 | Lair:3   | Noticed Urug
 15221 | Lair:3   | Killed Urug
 15221 | Lair:3   | Charmed Urug
 15319 | Lair:3   | Found a staircase to the Swamp.
 15523 | Lair:3   | Learned a level 3 spell: Tukima's Dance
 15528 | Lair:3   | Learned a level 4 spell: Passage of Golubria
 16354 | Lair:4   | Identified the +1 cloak of Ygilorphe {Will+}
 16853 | Lair:5   | Entered Level 5 of the Lair of Beasts
 16952 | Lair:5   | Reached skill level 10 in Spellcasting
 17171 | Lair:5   | Found a runed translucent gate.
 17171 | Lair:5   | Found a runed translucent gate.
 17171 | Lair:5   | Found a runed translucent gate.
 17172 | Lair:5   | Noticed dontdoit's ghost (journeyman DrGl)
 17407 | Lair:5   | Reached skill level 11 in Shields
 17454 | Lair:5   | Learned a level 5 spell: Yara's Violent Unravelling
 17557 | Lair:5   | Reached XP level 14. HP: 101/106 MP: 28/28
 17743 | Lair:5   | Found a runed translucent door.
 17746 | Lair:5   | Found a staircase to the Slime Pits.
 17832 | Lair:5   | Identified the +5 trident of Malaise {pain, Str+3 Int+3}
 17848 | Lair:5   | Identified the +5 flail "Tohy" {freeze, Int+8 Dex+2}
 18021 | Lair:5   | Upgraded the game from 0.31-a0-746-ge8284cb to
                  | 0.31-a0-750-gfe7b580
 18264 | D:12     | Reached skill level 10 in Invocations
 18410 | D:12     | Found the +7 staff of the Meek {protect, meekguard}
 18447 | D:12     | Identified the +2 ring mail of the Camelopard {rC++ Stlth-}
 18629 | D:12     | Got the +3 quick blade of Woe {elec, Dex+6}
 18968 | D:12     | Noticed Josephine
 18978 | D:12     | Killed Josephine
 19054 | D:12     | Found a staircase to the Orcish Mines.
 19702 | D:13     | Reached skill level 10 in Armour
 19702 | D:13     | Reached skill level 10 in Dodging
 20789 | D:14     | Found a sparkling altar of Nemelex Xobeh.
 21027 | D:14     | Reached XP level 15. HP: 114/115 MP: 30/30
 21047 | D:14     | Your ally Urug died
 21092 | D:14     | Reached skill level 10 in Fighting
 21092 | D:14     | Reached skill level 10 in Short Blades
 21092 | D:14     | Reached skill level 10 in Long Blades
 21092 | D:14     | Reached skill level 10 in Axes
 21092 | D:14     | Reached skill level 10 in Maces & Flails
 21092 | D:14     | Reached skill level 10 in Polearms
 21092 | D:14     | Reached skill level 10 in Staves
 21092 | D:14     | Reached skill level 10 in Ranged Weapons
 21092 | D:14     | Reached skill level 10 in Throwing
 21092 | D:14     | Reached skill level 10 in Stealth
 21092 | D:14     | Reached skill level 10 in Unarmed Combat
 21092 | D:14     | Reached skill level 10 in Evocations
 21375 | D:14     | Reached skill level 12 in Shields
 22203 | D:3      | Bought a ring of willpower for 350 gold pieces
 22558 | D:14     | Found a gate to the Vaults.
 22565 | D:14     | Learned a level 4 spell: Airstrike
 23308 | D:15     | Entered Level 15 of the Dungeon
 23603 | D:15     | Found Saekocs's Antique Armour Boutique.
 24308 | D:15     | Found a staircase to the Depths.
 24961 | Orc:1    | Entered Level 1 of the Orcish Mines
 25822 | Orc:2    | Entered Level 2 of the Orcish Mines
 25860 | Orc:2    | Found Harphaph's Jewellery Boutique.
 26281 | Orc:2    | Found a staircase to the Elven Halls.
 26677 | Orc:2    | Paralysed by an orc sorcerer for 3 turns
 26889 | Orc:2    | Found an ancient bone altar of Kikubaaqudgha.
 26890 | Orc:2    | Noticed Nergalle
 26909 | Orc:2    | Found Jizoonk's Book Shoppe.
 26949 | Orc:2    | Killed Nergalle
 26949 | Orc:2    | Charmed Nergalle
 27069 | Orc:2    | Found Kieluiff's Antique Weapon Emporium.
 27071 | Orc:2    | Found Juss's Distillery.
 27092 | Orc:2    | Reached XP level 16. HP: 116/117 MP: 31/31
 27102 | Orc:2    | Bought a transparent trident for 161 gold pieces
 27102 | Orc:2    | Identified the +6 trident "Hodefum" {flame, Str+3} (You
                  | bought it in a shop on level 2 of the Orcish Mines)
 27125 | Orc:2    | Found a radiant altar of Vehumet.
 27142 | Orc:2    | Found Umpecorch's Distillery.
 27151 | Orc:2    | Bought a potion of might for 44 gold pieces
 27151 | Orc:2    | Bought a potion of heal wounds for 55 gold pieces
 27151 | Orc:2    | Bought a potion of might for 44 gold pieces
 27151 | Orc:2    | Bought a potion of haste for 110 gold pieces
 27151 | Orc:2    | Bought a potion of cancellation for 88 gold pieces
 27151 | Orc:2    | Bought a potion of berserk rage for 55 gold pieces
 27340 | Orc:2    | Bought a book of Beasts for 532 gold pieces
 27348 | Orc:2    | Learned a level 5 spell: Summon Mana Viper
 27832 | Swamp:1  | Entered Level 1 of the Swamp
 28128 | Swamp:1  | Reached skill level 10 in Shapeshifting
 28183 | Swamp:1  | Reached skill level 10 in Summonings
 28393 | Swamp:1  | Identified the +7 glaive "Maggifut" {freeze, Int+2}
 28963 | Swamp:2  | Identified the +3 longbow of Circularity {freeze, rC- Str+4
                  | SInv}
 29079 | Swamp:2  | Noticed Jorgrun
 29093 | Swamp:2  | Killed Jorgrun
 29762 | Swamp:3  | Reached skill level 13 in Shields
 29791 | Swamp:3  | Noticed a fenstrider witch
 29800 | Swamp:3  | Killed a fenstrider witch
 29852 | Swamp:3  | Found an ancient bone altar of Kikubaaqudgha.
 29864 | Swamp:3  | Got the Compilation of Necromancy
 30375 | Swamp:4  | Entered Level 4 of the Swamp
 30433 | Swamp:4  | Noticed a tentacled monstrosity
 30434 | Swamp:4  | Your ally Nergalle died
 30450 | Swamp:4  | Killed a tentacled monstrosity
 30451 | Swamp:4  | Reached skill level 10 in Air Magic
 30456 | Swamp:4  | Reached XP level 17. HP: 131/131 MP: 25/33
 31069 | Swamp:4  | Identified the +2 long sword "Gukhidid" {drain, Str+3 Int+3
                  | Dex+5}
 31277 | Swamp:4  | Reached skill level 10 in Conjurations
 31277 | Swamp:4  | Reached skill level 10 in Hexes
 31277 | Swamp:4  | Reached skill level 10 in Necromancy
 31277 | Swamp:4  | Reached skill level 10 in Translocations
 31277 | Swamp:4  | Reached skill level 10 in Transmutations
 31277 | Swamp:4  | Reached skill level 10 in Fire Magic
 31277 | Swamp:4  | Reached skill level 10 in Ice Magic
 31277 | Swamp:4  | Reached skill level 10 in Earth Magic
 31277 | Swamp:4  | Reached skill level 10 in Poison Magic
 31573 | Swamp:4  | HP: 4/133 [fenstrider witch (11)]
 31695 | Swamp:4  | Got a decaying rune of Zot
 31842 | Swamp:4  | Noticed Mlioglotl
 31847 | Swamp:4  | Noticed a tentacled starspawn
 31848 | Swamp:4  | Noticed a tentacled starspawn
 31860 | Swamp:4  | HP: 8/199 [six-headed hydra (2)]
 31860 | Swamp:4  | Slain by a six-headed hydra

Illustrated notes

Levels and vault maps discovered:
D:1:      dpeg_arrival_shrine, layout_basic
D:2:      layout_loops_cross, grunt_decor_fettered, solitary_fountain,
          lexackson_kobold_supper
D:3:      minmay_goblin_kobold_castle, layout_basic, serial_shops, shop,
          serial_forest, infiniplex_forest_end_2, infiniplex_forest_clump_small,
          infiniplex_forest_clump_tiny, infiniplex_forest_straight_5,
          infiniplex_forest_end_2, infiniplex_forest_zigzag_2,
          wad_floor_pattern_untrapped
D:4:      black_bear_nest_1, layout_gridville, mainiacjoe_overflow_boulevard,
          nicolae_overflow_macrodata_refinement, uniq_grinder
D:5:      layout_basic, kennysheep_little_box, chei_slow_surprise
D:6:      layout_loops_cross, elyvilon_altar_1, minmay_temple_entry_glassed_door
D:7:      layout_basic, general_overflow_altar, nzn_ghost_randoct,
          hangedman_glass_teeth, hangedman_abyss_or_decor_stabs,
          kennysheep_windowed_goal
D:8:      layout_basic, kennysheep_mini, old_standard_altar, dpeg_oklobed_lair,
          serial_shops, shop, nicolae_stop_n_shop_2, grunt_decor_one_mirror
D:9:      layout_small_grid, amcnicky_altar_gilded, minmay_misc_feat_plants
D:10:     layout_loops_cross, enter_bailey_2, enter_trove_2
D:11:     layout_long_grid, serial_shops, shop, nicolae_lakefront_shop, shop
D:12:     minmay_shoctagon, layout_gridville,
          kennysheep_orc_monster_closet_entryway, uniq_josephine
D:13:     layout_basic
D:14:     layout_cave_pools, erik_vaults_1, nemelex_xobeh_ov_fountains_minmay
D:15:     gammafunk_depths_entry_grave, layout_rooms,
          minmay_misc_feat_diagonals, serial_shops, shop,
          chequers_serial_rivers_small_b
Lair:1:   layout_misc_corridors, basic_altar
Lair:2:   gammafunk_indiana_jones, layout_regular_city,
          hellmonk_spider_entry_not_the_bees, portal_ice_cave_rime
Lair:3:   beast_lair_carwin_large_4, layout_hall_layers, swamp_mist,
          grunt_forest_large_clearings, uniq_urug
Lair:4:   layout_cave_pods, infiniplex_staircase_pool
Lair:5:   gammafunk_lair_ancient_temple, layout_big_grid, slime_entry_2,
          ebering_ghost_rock_garden
Swamp:1:  layout_basic_swamp, hangedman_swamp_ruin_wall
Swamp:2:  layout_basic_swamp, nicolae_swamp_triple_paths, uniq_jorgrun
Swamp:3:  layout_basic_swamp, hangedman_swamp_lotus, swamp_pool4,
          beargit_kiku_chapel
Swamp:4:  nzn_swamp_witches_coven, layout_basic_swamp, swamp_pool1,
          roderic_carrion_pond, uniq_mlioglotl
Orc:1:    dreamdust_under_siege, layout_caves, david_defended_altar_orc
Orc:2:    kennysheep_orc_mage_school, layout_caves, serial_shops,
          nicolae_shop_behind_doors

Skill      XL: |  1  2  3  4  5  6  7  8  9 10 11 12 13 14 15 16 17 |
---------------+----------------------------------------------------+-----
Air Magic      | 2 3 4 5 6 7 8 9 10 | 10.3
Spellcasting   | 5 6 7 8 9 10 11 12 | 12.9
Invocations    | 1 2 3 4 5 6 7 8 9 10 11 12 | 12.9
Fighting       | 1 2 3 4 5 6 8 9 10 11 | 11.9
Short Blades   | 1 2 3 4 5 6 8 9 10 11 | 11.9
Long Blades    | 1 2 3 4 5 6 8 9 10 11 | 11.9
Axes           | 1 2 3 4 5 6 8 9 10 11 | 11.9
Maces & Flails | 1 2 3 4 5 6 8 9 10 11 | 11.9
Polearms       | 1 2 3 4 5 6 8 9 10 11 | 11.9
Staves         | 1 2 3 4 5 6 8 9 10 11 | 11.9
Ranged Weapons | 1 2 3 4 5 6 8 9 10 11 | 11.9
Throwing       | 1 2 3 4 5 6 8 9 10 11 | 11.9
Stealth        | 1 2 3 4 5 6 8 9 10 11 | 11.9
Unarmed Combat | 1 2 3 4 5 6 8 9 10 11 | 11.9
Evocations     | 1 2 3 4 5 6 8 9 10 11 | 11.9
Shapeshifting  | 1 2 3 4 5 6 7 8 9 10 11 | 11.0
Conjurations   | 1 2 3 4 5 6 7 8 9 10 | 10.1
Hexes          | 1 2 3 4 5 6 7 8 9 10 | 10.1
Necromancy     | 1 2 3 4 5 6 7 8 9 10 | 10.1
Translocations | 1 2 3 4 5 6 7 8 9 10 | 10.1
Transmutations | 1 2 3 4 5 6 7 8 9 10 | 10.1
Fire Magic     | 1 2 3 4 5 6 7 8 9 10 | 10.1
Ice Magic      | 1 2 3 4 5 6 7 8 9 10 | 10.1
Earth Magic    | 1 2 3 4 5 6 7 8 9 10 | 10.1
Poison Magic   | 1 2 3 4 5 6 7 8 9 10 | 10.1
Armour         | 3 4 5 6 7 8 9 10 11 12 | 12.2
Dodging        | 3 4 5 6 7 8 9 10 11 12 | 12.2
Summonings     | 4 5 6 7 8 9 10 | 10.8
Shields        | 7 8 9 10 11 12 13 | 13.5

Action                     |  1- 3 |  4- 6 |  7- 9 | 10-12 | 13-15 | 16-18 || total
---------------------------+-------+-------+-------+-------+-------+-------++-------
  Melee: Dagger            |    48 |       |       |       |       |       ||    48
         Bite              |    22 |    18 |    59 |    98 |   135 |    47 ||   379
         Club              |     1 |       |       |       |       |       ||     1
         Short sword       |   123 |   165 |   447 |   180 |       |       ||   915
         Scimitar          |       |       |       |   450 |   276 |       ||   726
         Trident           |       |       |       |       |   758 |   447 ||  1205
         Quick blade       |       |       |       |       |    32 |    23 ||    55
  Throw: Dart              |       |     9 |    16 |    36 |    60 |    53 ||   174
         Javelin           |       |       |       |       |    16 |     8 ||    24
   Cast: Summon Small Mamm |     2 |    22 |    13 |     2 |     5 |       ||    44
         Call Imp          |       |    10 |     7 |     1 |    10 |     8 ||    36
         Summon Guardian G |       |       |       |       |     7 |     7 ||    14
         Yara's Violent Un |       |       |       |       |     2 |       ||     2
         Ozocubu's Armour  |       |       |       |       |     4 |     1 ||     5
         Passage of Golubr |       |       |       |       |     1 |       ||     1
         Airstrike         |       |       |       |       |     8 |     3 ||    11
         Anguish           |       |       |       |       |     3 |     1 ||     4
         Summon Mana Viper |       |       |       |       |       |     9 ||     9
 Invoke: Dark Bargain      |       |       |       |       |     7 |     7 ||    14
         Bind Soul         |       |       |       |       |     2 |     1 ||     3
         Recall Undead Har |       |       |       |       |     1 |     2 ||     3
  Evoke: Phantom mirror    |       |       |       |       |       |     1 ||     1
    Use: Scroll            |       |       |    11 |     2 |     6 |     5 ||    24
         Potion            |       |       |     1 |     5 |     8 |    13 ||    27
   Stab: Distracted        |       |     1 |     3 |     7 |    10 |    10 ||    31
         Sleeping          |       |       |     4 |     6 |    18 |     1 ||    29
 Armour: Robe              |    38 |    38 |    52 |       |       |       ||   128
         Leather armour    |       |       |    99 |   361 |   485 |   211 ||  1156
  Dodge: Dodged            |    68 |    63 |   241 |   497 |   574 |   180 ||  1623
  Block: Buckler           |    35 |    75 |    91 |   163 |    68 |       ||   432
         Reflection        |     1 |     3 |       |       |       |       ||     4
         Kite shield       |       |       |       |       |   368 |   166 ||   534

Table legend: (Time is in decaauts)
 A = Elapsed time spent in this place.
 B = Non-inter-level travel time spent in this place.
 C = Inter-level travel time spent in this place.
 D = Time resting spent in this place.
 E = Time spent auto-exploring this place.
 F = Levels seen in this place.
 G = Mean time per level.
                   A        B        C        D        E       F      G
               +--------+--------+--------+--------+--------+-----+--------+
         Total |  31929 |  29047 |   2882 |   1487 |  20837 |  26 | 1228.0 |
       Dungeon |  18884 |  17060 |   1824 |    832 |  12425 |  15 | 1258.9 |
          Lair |   6208 |   5569 |    639 |    160 |   4216 |   5 | 1241.6 |
         Swamp |   4209 |   4041 |    168 |    355 |   2546 |   4 | 1052.2 |
  Orcish Mines |   2626 |   2375 |    251 |    139 |   1649 |   2 | 1313.0 |
               +--------+--------+--------+--------+--------+-----+--------+

Top non-repeatable levels by time:
  Lair:1: 1715 daAuts
     D:5: 1695 daAuts
   Orc:2: 1667 daAuts
    D:14: 1659 daAuts
    D:13: 1646 daAuts
    D:15: 1534 daAuts
 Swamp:4: 1474 daAuts
     D:9: 1381 daAuts
    D:10: 1349 daAuts
     D:3: 1290 daAuts
  Lair:3: 1263 daAuts
     D:4: 1248 daAuts
  Lair:5: 1240 daAuts
     D:8: 1163 daAuts
    D:11: 1101 daAuts
